 Dungeon Crawl Stone Soup version 0.26.1-11-gd32895ea62 (webtiles) character file.

Game seed: 8586427505683105791

13951 Exodus22XD the Cleaver (level 12, -7/156 HPs)
             Began as a Hill Orc Monk on May 9, 2021.
             Was the Champion of Beogh.
             Mangled by a boulder beetle (11 damage)
             ... on level 12 of the Dungeon.
             The game lasted 00:37:46 (14357 turns).

Exodus22XD the Cleaver (Hill Orc Monk)             Turns: 14357, Time: 00:37:49

Health: -7/156     AC: 18    Str: 19    XL:     12   Next: 11%
Magic:  18/18      EV:  9    Int: 10    God:    Beogh [******]
Gold:   603        SH:  0    Dex: 13    Spells: 11/11 levels left

rFire    . . .     SeeInvis .   s - +2 war axe (venom)
rCold    . . .     Faith    .   (no shield)
rNeg     . . .     Spirit   .   p - +0 chain mail
rPois    +         Reflect  .   r - +0 helmet
rElec    .         Harm     .   e - +2 cloak
rCorr    .         Rampage  .   (no gloves)
Will     .....                  o - +0 pair of boots
Stlth    ..........             (no amulet)
HPRegen  0.36/turn              F - ring of poison resistance
MPRegen  0.16/turn              (no ring)

@: berserking, very quick
A: walk on water
a: Renounce Religion, Smiting, Recall Orcish Followers, Give Item to Named
Follower, Resurrection


You were on level 12 of the Dungeon.
You worshipped Beogh.
Beogh was exalted by your worship.
You visited 1 branch of the dungeon, and saw 12 of its levels.
You also visited: Ossuary.

You collected 603 gold pieces.

Inventory:

Hand Weapons
 a - a +0 hand axe
 n - a +3 spear
 s - a +2 war axe of venom (weapon)
 K - a +0 trident of protection
Armour
 e - a +2 cloak (worn)
 o - a +0 pair of boots (worn)
 p - a +0 chain mail (worn)
 q - a +3 tower shield
 r - a +0 helmet (worn)
Jewellery
 F - a ring of poison resistance (left hand)
Wands
 x - a wand of digging (2)
 y - a wand of acid (8)
 C - a wand of paralysis (3)
 H - a wand of iceblast (15)
 I - a wand of flame (28)
 J - a wand of disintegration (15)
 M - a wand of polymorph (7)
Scrolls
 b - 2 scrolls of amnesia
 d - a scroll of fog
 f - 3 scrolls of remove curse
 h - a scroll of fear {unknown}
 l - a scroll of random uselessness {unknown}
 u - 4 scrolls of enchant armour
 v - a scroll of blinking {unknown}
 w - 5 scrolls of teleportation
 B - 2 scrolls of enchant weapon {unknown}
 N - a scroll of immolation {unknown}
Potions
 c - 4 potions of curing
 i - a potion of resistance
 j - 3 potions of cancellation
 k - a potion of degeneration {unknown}
 m - a potion of magic {unknown}
 t - 2 potions of ambrosia
 z - a potion of lignification {unknown}
 A - 4 potions of brilliance
 D - 2 potions of haste
 E - 3 potions of flight {unknown}
 G - 3 potions of berserk rage
 L - a potion of might {unknown}
Miscellaneous
 g - a condenser vane


   Skills:
 + Level 9.1 Fighting
 + Level 14.0 Axes
 * Level 11.3 Armour
 - Level 2.4 Dodging
 - Level 1.5 Stealth
 * Level 7.6 Shields
 * Level 8.8 Invocations
 + Level 0.2 Evocations


You had 11 spell levels left.
You didn't know any spells.
Your spell library contained the following spells:

 Spells                   Type           Power        Failure   Level
 Ignite Poison            Fire/Tmut/Pois 0%           100%        3
 Fireball                 Conj/Fire      0%           100%        5
 Starburst                Conj/Fire      0%           100%        6
 Ignition                 Fire           0%           100%        8


Dungeon Overview and Level Annotations

Branches:
Dungeon (12/15)            Temple (0/1) D:7            Lair (0/6) D:9
    Orc (0/2) D:9         Ossuary (visited)

Altars:
Cheibriados
Dithmenos
Elyvilon
Gozag
Hepliaklqana
Makhleb
Okawaru
Ru
Trog
Uskayaw
Yredelemnul
Zin
The Shining One

Shops:
D:7 *

Annotations:
D:5 3 runed translucent doors, gnacko's ghost, novice TrBe


Message History

The floor.
You swap places.
Your orc hits the boulder beetle but does no damage.
Wargrak hits the boulder beetle with a +0 club.
The boulder beetle barely misses your orc.
Your orc knight hits the boulder beetle but does no damage.
A shadow comes into view.
The manticore bites your orc!
Your orc dies!
The boulder beetle bites you!
* * * LOW HITPOINT WARNING * * *
Okay, then.
Okay, then.
It was a potion of berserk rage.
A red film seems to cover your vision as you go berserk!
You feel yourself moving faster!
You feel mighty!
Wargrak blocks the boulder beetle's attack.
Your orc knight hits the boulder beetle from afar with a +0 trident!!
The boulder beetle bites you!
You die...

........#.. .....
........#####.####
................
.......######.##
..o.#..oo.o.oo.#
###
###o#########.o#
.$# # .<#o#
#o.####..# ...
###.# #.o#o..#
#..## #o# ##oo@BH#
#... #o# ###.oB#
#..# ###o#########
####y.# ##..
#.ooo.......# .#
.. o..o........# #
#. #...........#
#####.
#...........#
#.....
#...........#
#########'#...
#############
#.....oo.o....


You could see 2 boulder beetles, a manticore (very poisoned), a hornet, a
friendly orc knight, a friendly orc warrior (strong), the friendly Korbok the
orc warrior (strong), the friendly Wargrak the orc priest (strong), a friendly
orc wizard (strong) and a friendly orc (strong).

Vanquished Creatures
  A boulder beetle (D:11)
  3 unseen horrors
  An ugly thing (D:11)
  2 trolls (D:9)
  Grinder (D:6)
  Sigmund (D:2)
  A wyvern (D:9)
  A wraith (D:10)
  Eustachio (D:6)
  8 yaks
  3 vampire mosquitoes (D:12)
  Duvessa (D:6)
  6 orc warriors
  3 ice beasts (D:8)
  A black bear (D:9)
  2 phantoms
  7 ogres
  4 centaurs
  2 elf zombies (Ossuary)
  4 big kobolds
  Blork the orc (D:5)
  6 bullfrogs
  3 gnoll sergeants
  Dowan (D:6)
  3 scorpions
  14 killer bees
  2 howler monkeys (D:9)
  A crimson imp (D:8)
  A quasit (D:5)
  Crazy Yiuf (D:6)
  5 jellies
  2 orc priests
  2 hounds
  6 orc wizards
  3 iguanas
  A bullfrog skeleton (D:7)
  3 worker ants
  2 big kobold zombies (Ossuary)
  2 hound skeletons
  A worker ant zombie (D:7)
  13 gnolls
  11 adders
  A shadow imp (D:8)
  A white imp (D:5)
  2 oozes
  2 worms
  A dart slug (D:1)
  5 leopard geckos
  17 orcs
  9 bats
  8 giant cockroaches
  7 goblins
  8 hobgoblins
  12 jackals
  2 ball pythons
  7 frilled lizards
  11 hobgoblin zombies (Ossuary)
  A jackal skeleton (D:4)
  7 kobolds
  4 kobold zombies (Ossuary)
  A leopard gecko skeleton (D:6)
  5 orc zombies (Ossuary)
  5 rats
  A rat zombie (Ossuary)
254 creatures vanquished.

Vanquished Creatures (collateral kills)
  A two-headed ogre (D:10)
  A slime creature (D:12)
  An elephant (D:9)
  A manticore (D:12)
  A troll (D:10)
  A hornet (D:9)
  A wraith (D:10)
  A yak (D:7)
  A basilisk (D:9)
  An eye of draining (D:11)
  3 ogres
  2 ice beasts (D:10)
  A phantom (D:10)
  4 orc warriors
  A centaur (D:10)
  2 big kobolds
  4 bullfrogs
  3 gnoll sergeants (D:9)
  A scorpion (D:10)
  3 wights (D:10)
  3 killer bees
  A bullfrog zombie (D:9)
  A jelly (D:11)
  2 centaur zombies
  A quasit (D:10)
  A hound (D:11)
  4 orc wizards
  2 iguanas
  2 mummies (Ossuary)
  3 gnolls
  2 adders
  5 orcs
  2 jackals (D:8)
  3 hobgoblin zombies (Ossuary)
  A jackal zombie (Ossuary)
  6 kobolds (D:11)
  2 kobold zombies (Ossuary)
  2 orc zombies (Ossuary)
  2 rat zombies (Ossuary)
79 creatures vanquished.

Vanquished Creatures (others)
  5 orc wizards
  2 orc priests
  A leopard gecko (D:4)
  20 orcs
  12 fungi
  3 plants (D:9)
43 creatures vanquished.

Grand Total: 376 creatures vanquished

Notes
Turn   | Place    | Note
-------+----------+-------------------------------------------
     0 | D:1      | Exodus22XD the Hill Orc Monk began the quest for the Orb.
     0 | D:1      | Reached XP level 1. HP: 19/19 MP: 1/1
   261 | D:1      | Reached XP level 2. HP: 21/27 MP: 2/2
   471 | D:1      | Gained mutation: You are frail. (-10% HP) [potion of
                  | mutation]
   471 | D:1      | Lost mutation: You are frail. (-10% HP) [potion of
                  | mutation]
   529 | D:1      | Reached skill level 1 in Armour
   841 | D:1      | Reached XP level 3. HP: 27/33 MP: 3/3
  1381 | D:2      | Noticed Sigmund
  1399 | D:2      | Killed Sigmund
  1400 | D:2      | Reached skill level 6 in Axes
  1400 | D:2      | Reached XP level 4. HP: 25/41 MP: 4/4
  1400 | D:2      | Reached XP level 5. HP: 29/47 MP: 5/5
  1629 | D:2      | Found a hide-covered altar of Uskayaw.
  1982 | D:1      | Reached XP level 6. HP: 41/53 MP: 6/6
  2741 | D:2      | Found a hazy altar of Hepliaklqana.
  2741 | D:2      | Found an iron altar of Okawaru.
  3118 | D:3      | Reached skill level 5 in Fighting
  4022 | D:4      | Noticed a phantom
  4067 | D:4      | Killed a phantom
  4068 | D:4      | Reached XP level 7. HP: 28/61 MP: 7/7
  4308 | D:4      | Became a worshipper of Beogh the Brigand
  4308 | D:4      | Reached * piety under Beogh
  4308 | D:4      | Reached ** piety under Beogh
  4314 | D:4      | Reached skill level 7 in Axes
  4424 | D:4      | Reached skill level 5 in Armour
  4680 | D:4      | Reached skill level 1 in Shields
  4736 | D:4      | Reached skill level 1 in Invocations
  4763 | D:4      | Found a glowing golden altar of the Shining One.
  5187 | D:5      | Entered Level 5 of the Dungeon
  5253 | D:5      | Found an opulent altar of Gozag.
  5403 | D:5      | Noticed Blork the orc
  5411 | D:5      | Killed Blork the orc
  5412 | D:5      | Reached XP level 8. HP: 46/69 MP: 9/9
  5585 | D:5      | Reached skill level 8 in Axes
  5756 | D:5      | Found a sacrificial altar of Ru.
  5948 | D:5      | Found a shadowy altar of Dithmenos.
  6134 | D:5      | Found a runed translucent gate.
  6134 | D:5      | Found a runed translucent gate.
  6134 | D:5      | Found an opulent altar of Gozag.
  6136 | D:5      | Found a runed translucent gate.
  6137 | D:5      | Noticed gnacko's ghost (novice TrBe)
  6386 | D:6      | Noticed Eustachio
  6396 | D:6      | Killed Eustachio
  6398 | D:6      | Reached skill level 9 in Axes
  6621 | D:6      | Reached XP level 9. HP: 35/75 MP: 11/11
  6925 | D:6      | Noticed Grinder
  6925 | D:6      | Paralysed by Grinder for 3 turns
  6949 | D:6      | Reached *** piety under Beogh
  6957 | D:6      | HP: 3/75 [Grinder (6)]
  7440 | D:6      | Noticed Duvessa
  7440 | D:6      | Noticed Dowan
  7447 | D:6      | Killed Duvessa
  7449 | D:6      | Killed Dowan
  7543 | D:6      | Killed Grinder
  7544 | D:6      | Reached skill level 10 in Axes
  7785 | D:6      | Found a runed translucent door.
  7786 | D:6      | Noticed Crazy Yiuf
  7796 | D:6      | Killed Crazy Yiuf
  8076 | D:7      | Found a staircase to the Ecumenical Temple.
  8109 | D:7      | Found a bloodstained altar of Trog.
  8164 | D:7      | Found a glowing silver altar of Zin.
  8269 | D:7      | Found Zohogad's General Store.
  8326 | D:7      | Found a white marble altar of Elyvilon.
  8601 | D:7      | Reached skill level 5 in Invocations
  8611 | D:7      | Reached skill level 11 in Axes
  8613 | D:7      | Reached XP level 10. HP: 48/84 MP: 12/14
  8936 | D:8      | Reached skill level 5 in Shields
  9000 | D:8      | Reached **** piety under Beogh
  9119 | D:8      | Found a burning altar of Makhleb.
  9207 | D:8      | Found a sand-covered staircase.
  9233 | Ossuary  | Entered an ossuary
  9363 | Ossuary  | Reached ***** piety under Beogh
  9742 | D:8      | Reached skill level 12 in Axes
 10019 | D:8      | Found a snail-covered altar of Cheibriados.
 10101 | D:8      | Gained Bladwarg as an ally
 10436 | D:9      | Killed an unseen horror
 10524 | D:9      | Found a staircase to the Lair.
 10524 | D:9      | Noticed an elephant
 10540 | D:9      | HP: 4/88 [ogre/+0 giant spiked club (7)]
 10551 | D:9      | Killed an elephant
 10964 | D:9      | Found a staircase to the Orcish Mines.
 10970 | D:9      | Reached XP level 11. HP: 87/94 MP: 16/16
 11343 | D:9      | Found a basalt altar of Yredelemnul.
 11733 | D:9      | Reached skill level 13 in Axes
 11992 | D:10     | Entered Level 10 of the Dungeon
 12000 | D:10     | Gained Hawl as an ally
 12002 | D:10     | Reached skill level 10 in Armour
 12185 | D:10     | Noticed a two-headed ogre
 12195 | D:10     | Killed a two-headed ogre
 12585 | D:11     | Noticed a cyan ugly thing
 12593 | D:11     | Killed a cyan ugly thing
 12969 | D:11     | Gained Korbok as an ally
 12970 | D:11     | Noticed a boulder beetle
 12983 | D:11     | Killed a boulder beetle
 13476 | D:12     | Reached ****** piety under Beogh
 13498 | D:12     | Killed an unseen horror
 13830 | D:12     | Noticed a manticore
 13836 | D:12     | Killed a manticore
 14143 | D:12     | Killed an unseen horror
 14143 | D:12     | Gained Wargrak as an ally
 14144 | D:12     | Reached XP level 12. HP: 99/104 MP: 18/18
 14182 | D:12     | Reached skill level 14 in Axes
 14278 | D:12     | Gained Gorm as an ally
 14347 | D:12     | Noticed a boulder beetle
 14348 | D:12     | Noticed a boulder beetle
 14356 | D:12     | HP: 2/104 [boulder beetle (8)]
 14357 | D:12     | Mangled by a boulder beetle

Illustrated notes

Levels and vault maps discovered:
D:1:      nicolae_arrival_memento_mori, layout_basic
D:2:      layout_loops_ring, gammafunk_temple_overflow_elements,
          marbit_many_paths, st_stairs_2, uniq_sigmund
D:3:      layout_loops_ring
D:4:      layout_basic, nicolae_tso_swordbearing_angel
D:5:      layout_loops_cross, nicolae_ru_path_of_blood, grunt_gozag_statues,
          ebering_ghost_gozag, minmay_misc_feat_secret_circle,
          grunt_dithmenos_shadows, uniq_blork_the_orc
D:6:      layout_loops_ring, uniq_duvessa, uniq_crazy_yiuf_cottage,
          uniq_eustachio, uniq_grinder
D:7:      old_forge, layout_basic, overflow_temple_1_default,
          old_standard_altar, temple_pool_b, basic_altar, serial_shops,
          nicolae_shop_crystal, amcnicky_mini_pool_small
D:8:      layout_loops_corners, makhleb_grotto_becter, slow_altar_2,
          chequers_ossuary_entry_cave
D:9:      layout_basic, lemuel_crystal_altar, david_lair_generic,
          kennysheep_orc_monster_closet_entryway, blue_anna_alchemist
          [blue_anna_fruit_fields, blue_anna_fruit_fields]
D:10:     layout_big_octagon
D:11:     layout_cave_pools
D:12:     minmay_blocky_corners, layout_basic

Skill      XL: |  1  2  3  4  5  6  7  8  9 10 11 12 |
---------------+-------------------------------------+-----
Armour         | 1 3 4 5 7 8 9 11 | 11.3
Fighting       | 4 5 6 8 9 |  9.1
Axes           | 6 7 9 11 12 13 14 | 14.0
Shields        | 2 3 4 6 7 |  7.6
Invocations    | 2 3 5 7 8 |  8.8
Dodging        | |  2.4
Stealth        | |  1.5
Evocations     | |  0.2

Action                   |  1- 3 |  4- 6 |  7- 9 | 10-12 || total
-------------------------+-------+-------+-------+-------++-------
Melee: Hand axe          |   118 |   212 |    24 |       ||   354
       War axe           |       |       |   212 |   401 ||   613
Invok: Convert to Beogh  |       |       |     1 |       ||     1
       Recall Orcish Fol |       |       |       |    13 ||    13
       Give Item to Name |       |       |       |     1 ||     1
Evoke: Wand              |       |       |       |     4 ||     4
  Use: Scroll            |     2 |     2 |     3 |     5 ||    12
       Potion            |     2 |       |     2 |     4 ||     8
 Stab: Sleeping          |     1 |     1 |       |       ||     2
       Held in net/web   |       |       |     1 |       ||     1
       Distracted        |       |       |       |     4 ||     4
Armor: Robe              |     7 |       |       |       ||     7
       Leather armour    |    30 |    25 |       |       ||    55
       Scale mail        |       |    32 |    77 |       ||   109
       Chain mail        |       |    19 |    33 |   312 ||   364
Dodge: Dodged            |    67 |   124 |   116 |   184 ||   491
